 Seeded DCSS version 0.28.0-45-g0d030f2227 (webtiles) character file.

Game seed: 13254252311307455508 (custom seed)

11935 croobank the Basher (level 11, -5/100 HPs)
             Began as a Hill Orc Fighter on Apr 19, 2022.
             Was an Elder of Beogh.
             Slain by an orc warrior
             ... wielding a +0 flail
              (15 damage)
             ... on level 2 of the Orcish Mines.
             The game lasted 00:38:09 (11090 turns).

croobank the Basher (Hill Orc Fighter)             Turns: 11090, Time: 00:38:10

Health: -5/100     AC: 13    Str: 24    XL:     11   Next: 85%
Magic:  13/16      EV:  9    Int:  8    God:    Beogh [****..]
Gold:   1308       SH:  6    Dex: 10    Spells: 10/10 levels left

rFire   . . .      SeeInvis .   a - +11 eveningstar of Voynec {flame, rC+ rN+}
rCold   + . .      Faith    .   c - +0 buckler
rNeg    + + .      Spirit   .   A - +2 scale mail {rN+}
rPois   .          Reflect  .   I - +0 helmet
rElec   .          Harm     .   (no cloak)
rCorr   .          Rampage  .   j - +0 pair of gloves
Will    .....                   (no boots)
Stlth   ..........              (no amulet)
HPRegen 0.26/turn               (no ring)
MPRegen 0.15/turn               (no ring)

@: no status effects
A: no striking features
a: Renounce Religion, Smiting, Recall Orcish Followers


You were on level 2 of the Orcish Mines.
You worshipped Beogh.
Beogh was greatly pleased with you.
You visited 2 branches of the dungeon, and saw 11 of its levels.

You collected 1443 gold pieces.
You spent 135 gold pieces at shops.

Inventory:

Hand Weapons
 a - the +11 eveningstar of Voynec (weapon) {flame, rC+ rN+}
   (You found it on level 2 of the Dungeon)

   It burns those it strikes, dealing additional fire damage.
   rC:        It protects you from cold.
   rN:        It protects you from negative energy.
 b - a +0 hunting sling {b}
 i - a +1 flail of holy wrath
 l - a +2 battleaxe
 q - the +8 morningstar "Giant's Curse" {vorpal, Will+}
   (You found it on level 2 of the Dungeon)

   It inflicts extra damage upon your enemies.
   Will:      It increases your willpower.
 r - a +2 short sword of speed
 M - a +3 spear of distortion
 O - a +1 vorpal great mace
 P - a +0 bardiche
Missiles
 h - 4 poisoned darts
 n - 111 stones
 p - 49 bolts
 y - 172 arrows
 C - 88 sling bullets
 E - 3 atropa-tipped darts (quivered)
 N - 6 boomerangs
Armour
 c - a +0 buckler (worn)
 j - a +0 pair of gloves (worn)
 x - a +0 plate armour
 A - a +2 scale mail of positive energy (worn)
 I - a +0 helmet (worn)
Jewellery
 G - a ring of flight
Wands
 f - a wand of iceblast (19)
 z - a wand of digging (3)
 B - a wand of flame (19)
 J - a wand of charming (3)
Scrolls
 g - a scroll of holy word {holy word, unknown}
 k - a scroll of torment {torment, unknown}
 o - a scroll of enchant armour {enchant armour, unknown}
 t - 4 scrolls of teleportation {teleport, unknown}
 v - 3 scrolls of enchant weapon {enchant weapon}
 w - a scroll of fog {fog, unknown}
 D - 3 scrolls of vulnerability {vulnerability, unknown}
 H - a scroll of magic mapping {magic mapping, unknown}
 K - a scroll of identify
Potions
 d - a potion of might
 e - 2 potions of curing {curing, unknown}
 m - a potion of ambrosia {ambrosia, unknown}
 s - 4 potions of mutation {mutation, unknown}
 u - 2 potions of lignification
 F - a potion of resistance
Miscellaneous
 L - a lightning rod (4/4)


   Skills:
 + Level 10.3 Fighting
 - Level 3.1(9.7) Axes
 * Level 12.0(12.2) Maces & Flails
 + Level 9.3 Armour
 + Level 9.3 Shields
 + Level 7.4 Invocations


You had 10 spell levels left.
You didn't know any spells.
Your spell library contained the following spells:

 Spells                   Type           Power      Damage    Failure   Level
 Beastly Appendage        Tmut           0%         N/A       75%         1
 Scorch                   Fire           0%         2d5       86%         2
 Wereblood                Tmut           0%         N/A       86%         2
 Spider Form              Tmut/Pois      0%         N/A       98%         3
 Flame Wave               Conj/Fire      0%         2d4       100%        4
 Petrify                  Tmut/Erth      0%         N/A       100%        4
 Metabolic Englaciation   Hex/Ice        0%         N/A       100%        5
 Statue Form              Tmut/Erth      0%         N/A       100%        6
 Summon Cactus Giant      Summ           0%         N/A       100%        6


Dungeon Overview and Level Annotations

Branches:
Dungeon (9/15)             Temple (0/1) D:4             Orc (2/2) D:9
    Elf (0/3) Orc:2
   Lair: D:8-11

Altars:
Kikubaaqudgha
Nemelex Xobeh
Okawaru
Ru
Wu Jian
Beogh

Shops:
D:4 (   D:8 =   Orc:2 [:(?


Message History

The orc knight is lightly wounded.
You block the orc knight's attack.
The orc warrior hits you with a +0 long sword!!
Unknown command.
You impale the orc knight!! You burn the orc knight.
The orc knight is moderately wounded.
The orc warrior hits you with a +0 flail!!
The orc warrior barely misses you.
Your orc knight roars a battlecry!
Your orc knight goes into a battle-frenzy!
The orc knight hits you with a +0 long sword!!
You swap places.
The orc warrior closely misses your orc warrior.
Your orc hits the orc warrior with a +0 flail.
The orc warrior hits your orc warrior with a +0 flail!!
Your orc warrior hits the orc knight with a +0 flail!!
The orc knight hits your orc warrior with a +0 long sword.
Aiming: Smiting
Press: ? - help, Dir - move target, f - orc knight Smite: an orc knight, wielding a +0 long sword and wearing a +0 chain mail (severely wounded, ally target)
You smite the orc knight!!
The orc knight falls to its knees.
It shouts, "I'll follow you!
Let me live!"
The orc warrior hits your orc knight with a +0 war axe!!
The orc warrior barely misses your orc.
The orc warrior hits your orc warrior with a +0 long sword.
Your orc warrior dies!
Your orc closely misses the orc warrior.
Your orc knight hits the orc warrior with a +0 long sword!!
Your orc knight hits the orc warrior with a +2 great mace of protection.
You barely miss the orc warrior.
The orc warrior is moderately wounded.
The orc warrior hits your orc knight with a +0 war axe!!
Your orc knight dies!
The orc warrior hits your orc with a +0 war axe!
Your orc dies!
The orc warrior hits you from afar with a +0 glaive!!
* * * LOW HITPOINT WARNING * * *
The orc warrior hits you with a +0 flail!
You die...

..))).^....<.....................
..)...#......................o...
.............................o...
.............######..#######.###.
#............#∩)..#..# #.# #.
.............#.oo.#..#######.###.
.....#..#....#)ooo#......).......
.......###...###o##..###)###.....
#.......#......o@o...# #)# #..8..
#............###o###.# #)# #.....
##......##...#.oo..#.###.###.###'
##....####.o#..o).#.oo......#...
##..##.##oo#...).#.###.###.#...
####..oo..#∩....#.# #.# #.#.._
##.##..#######o###.###.####
####.....oo.o..........ooo
#......................


You could see 4 orc warriors, 3 friendly orc knights, 4 friendly orc warriors
and a friendly orc wizard (strong).

Vanquished Creatures
  A centaur warrior (D:9)
  A two-headed ogre (D:8)
  Pikel (D:5)
  3 orc knights (Orc:2)
  A wyvern (D:7)
  9 yaks
  Grum (D:8)
  7 water moccasins
  5 wargs (Orc:2)
  10 orc warriors
  An ice beast (D:6)
  A hornet zombie (D:7)
  2 sky beasts
  3 black bears
  5 ogres
  4 centaurs
  2 wolves (D:8)
  2 lemures (D:5)
  3 bullfrogs (D:6)
  A gnoll sergeant (D:8)
  4 scorpions
  A water moccasin skeleton (D:5)
  4 killer bees
  A wight (D:6)
  5 electric eels (D:6)
  A howler monkey (D:8)
  3 bullfrog zombies
  4 centaur zombies
  2 hounds
  3 orc priests
  2 gnoll shamans
  2 jellies (D:8)
  Jessica (D:3)
  A centaur skeleton (D:7)
  8 orc wizards
  5 iguanas
  Ijyb (D:4)
  A killer bee zombie (D:6)
  2 howler monkey zombies (D:6)
  13 gnolls
  A howler monkey skeleton (D:4)
  7 adders
  2 shadow imps (D:6)
  A white imp (D:5)
  An ufetubus (D:5)
  A worm (D:2)
  3 dart slugs
  24 orcs
  5 bats
  12 endoplasms
  2 giant cockroaches
  8 hobgoblins
  7 jackals
  3 quokkas
  6 ball pythons
  2 frilled lizards
  7 goblins
  7 kobolds
  5 rats
231 creatures vanquished.

Vanquished Creatures (collateral kills)
  4 orc knights (Orc:2)
  A troll (Orc:2)
  3 wargs (Orc:2)
  7 orc warriors
  3 orc priests
  4 orc wizards
  12 orcs
34 creatures vanquished.

Vanquished Creatures (others)
  An orc knight (Orc:2)
  An orc sorcerer (Orc:2)
  10 orc warriors (Orc:2)
  6 orc priests
  2 orc wizards
  41 orcs
  31 plants (D:6)
92 creatures vanquished.

Grand Total: 357 creatures vanquished

Notes
Turn   | Place    | Note
-------+----------+-------------------------------------------
     0 | D:1      | croobank the Hill Orc Fighter began the quest for the Orb.
     0 | D:1      | Reached XP level 1. HP: 19/19 MP: 1/1
   157 | D:1      | Reached XP level 2. HP: 22/27 MP: 2/2
   630 | D:1      | Reached XP level 3. HP: 25/33 MP: 3/3
   999 | D:2      | Reached skill level 1 in Maces & Flails
  1479 | D:2      | Reached XP level 4. HP: 40/40 MP: 4/4
  1503 | D:2      | Identified the +11 eveningstar of Voynec {flame, rC+ rN+}
  1775 | D:2      | Identified the +8 morningstar "Giant's Curse" {vorpal,
                  | Will+}
  1970 | D:3      | Noticed Jessica
  1972 | D:3      | Killed Jessica
  1973 | D:3      | Reached skill level 2 in Maces & Flails
  2088 | D:3      | Found a faded altar of an unknown god.
  2118 | D:3      | Reached XP level 5. HP: 44/47 MP: 5/5
  2722 | D:4      | Noticed Ijyb
  2733 | D:4      | Killed Ijyb
  2815 | D:4      | Reached skill level 3 in Maces & Flails
  2963 | D:4      | Found Senwall's Antique Weapon Emporium.
  2968 | D:4      | Reached XP level 6. HP: 55/55 MP: 6/6
  3003 | D:4      | Became a worshipper of Beogh the Brigand
  3016 | D:4      | Reached skill level 5 in Fighting
  3135 | D:4      | Found a staircase to the Ecumenical Temple.
  3333 | D:5      | Entered Level 5 of the Dungeon
  3443 | D:5      | Noticed a black bear
  3450 | D:5      | Killed a black bear
  3451 | D:5      | Reached skill level 4 in Maces & Flails
  3516 | D:5      | Reached XP level 7. HP: 61/61 MP: 7/7
  3593 | D:5      | Found an ornate altar of the Wu Jian Council.
  3596 | D:5      | Reached skill level 5 in Armour
  3596 | D:5      | Reached skill level 5 in Shields
  3661 | D:5      | Reached skill level 5 in Maces & Flails
  4016 | D:5      | Reached * piety under Beogh
  4047 | D:5      | Noticed Pikel
  4054 | D:5      | Killed Pikel
  4055 | D:5      | Reached skill level 6 in Maces & Flails
  4055 | D:5      | Reached XP level 8. HP: 55/71 MP: 8/8
  4325 | D:5      | You fall into a shaft and drop 3 floors!
  4333 | D:8      | Noticed a yak
  4376 | D:7      | Reached skill level 7 in Maces & Flails
  4412 | D:7      | Noticed a wyvern
  4419 | D:7      | Killed a wyvern
  4420 | D:7      | Reached XP level 9. HP: 37/79 MP: 9/9
  5043 | D:5      | Reached skill level 8 in Maces & Flails
  5054 | D:5      | Found an iron altar of Okawaru.
  5059 | D:5      | Found a sparkling altar of Nemelex Xobeh.
  5535 | D:6      | Found a sacrificial altar of Ru.
  5634 | D:6      | Reached skill level 1 in Invocations
  6022 | D:6      | Reached ** piety under Beogh
  6140 | D:6      | Reached skill level 9 in Maces & Flails
  6146 | D:6      | Reached XP level 10. HP: 81/88 MP: 10/12
  6944 | D:7      | Found an ancient bone altar of Kikubaaqudgha.
  6992 | D:7      | Reached *** piety under Beogh
  7337 | D:8      | Found Luxuaf's Jewellery Shoppe.
  7484 | D:7      | Reached skill level 10 in Maces & Flails
  7952 | D:8      | Noticed Grum
  7955 | D:8      | Reached skill level 5 in Invocations
  7966 | D:8      | Killed Grum
  8186 | D:8      | Noticed a two-headed ogre
  8191 | D:8      | Killed a two-headed ogre
  8192 | D:8      | Reached XP level 11. HP: 97/97 MP: 13/15
  8332 | D:9      | Gained Learuk as an ally
  8339 | D:9      | Your ally Learuk died
  8340 | D:9      | Noticed a centaur warrior
  8675 | D:9      | Killed a centaur warrior
  8676 | D:9      | Reached skill level 11 in Maces & Flails
  8776 | D:9      | Found a staircase to the Orcish Mines.
  9025 | Orc:1    | Entered Level 1 of the Orcish Mines
  9053 | Orc:1    | Reached **** piety under Beogh
  9078 | Orc:1    | Noticed an orc sorcerer
  9338 | Orc:2    | Entered Level 2 of the Orcish Mines
  9341 | Orc:2    | Noticed an orc knight
  9351 | Orc:2    | Killed an orc knight
  9882 | Orc:2    | Noticed an orc knight
  9909 | Orc:2    | Found a roughly hewn altar of Beogh.
  9909 | Orc:2    | Noticed an orc knight
  9912 | Orc:2    | Killed an orc knight
 10169 | Orc:2    | Noticed an orc knight
 10179 | Orc:2    | Reached skill level 10 in Fighting
 10471 | Orc:2    | Noticed an orc knight
 10479 | Orc:2    | Killed an orc knight
 10524 | Orc:2    | Found a staircase to the Elven Halls.
 10642 | Orc:2    | Found Tohifan's Magic Scroll Emporium.
 10642 | Orc:2    | Noticed an orc knight
 10649 | Orc:2    | Killed an orc knight
 10728 | Orc:2    | Bought a scroll of enchant weapon for 135 gold pieces
 10733 | Orc:2    | Found Otziuwki's Weapon Boutique.
 10733 | Orc:2    | Noticed an orc knight
 10733 | Orc:2    | Noticed an orc knight
 10744 | Orc:2    | Killed an orc knight
 10748 | Orc:2    | Killed an orc knight
 10749 | Orc:2    | Reached skill level 12 in Maces & Flails
 11056 | Orc:2    | Found Xaudo's Armour Boutique.
 11056 | Orc:2    | Noticed an orc knight
 11061 | Orc:2    | Killed an orc knight
 11082 | Orc:2    | Found Deammile's Book Emporium.
 11082 | Orc:2    | Noticed an orc knight
 11090 | Orc:2    | Slain by an orc warrior

Illustrated notes

Levels and vault maps discovered:
D:1:      ncdulo_lavacross, layout_loops_ring
D:2:      layout_loops_corners
D:3:      layout_loops_cross, chequers_ecumenical_altar_grove, uniq_jessica
D:4:      layout_cave_pools, temple_doors_cd, serial_shops, shop, uniq_ijyb
D:5:      layout_layer_cave, nicolae_wu_jian_wuxing_cycle,
          gammafunk_temple_overflow_statue, grunt_tough_drop, uniq_pikel
D:6:      layout_basic, nicolae_ru_great_annihilating_truth, serial_bayou,
          serial_bayou_crossing, serial_bayou_lagoon_a, serial_bayou_lake_a,
          serial_bayou_lagoon_b, minmay_joined_circles
D:7:      layout_rooms, lemuel_coloured_pillars_altar
D:8:      layout_cave_pools, serial_shops, nicolae_square_shop, uniq_grum
D:9:      layout_roguey, mainiacjoe_overflow_alcove_4, old_standard_altar,
          tso_metal_star, lair_entry_dummy, hiddenorc2_lemuel, serial_bayou,
          serial_bayou_ford_a, serial_bayou_shore_b, serial_bayou_pond_a,
          serial_bayou_pond_d, serial_bayou_pond_d, grunt_decor_junction
Orc:1:    layout_diamond_mine
Orc:2:    st_orc_town, layout_caves

Skill      XL: |  1  2  3  4  5  6  7  8  9 10 11 |
---------------+----------------------------------+-----
Axes           | 3 |  3.1
Fighting       | 4 5 6 7 8 9 10 | 10.3
Maces & Flails | 1 2 3 4 6 7 9 10 12 | 12.0
Armour         | 4 5 6 7 8 9 |  9.3
Shields        | 4 5 6 7 8 9 |  9.3
Invocations    | 2 5 7 |  7.4

Action                   |  1- 3 |  4- 6 |  7- 9 | 10-12 || total
-------------------------+-------+-------+-------+-------++-------
Melee: War axe           |    32 |       |       |       ||    32
       Flail             |    55 |       |       |       ||    55
       Morningstar       |       |    71 |       |       ||    71
       Eveningstar       |       |    35 |   141 |   213 ||   389
Throw: Throwing net      |       |       |       |     1 ||     1
Invok: Convert to Beogh  |       |     1 |       |       ||     1
       Smiting           |       |       |       |     5 ||     5
       Recall Orcish Fol |       |       |       |     1 ||     1
Evoke: Wand              |       |       |     2 |     7 ||     9
  Use: Scroll            |       |       |     2 |     2 ||     4
       Potion            |       |       |       |     3 ||     3
 Stab: Invisible         |       |       |     1 |       ||     1
       Distracted        |       |       |       |     1 ||     1
Armor: Scale mail        |    43 |    63 |    68 |    94 ||   268
Dodge: Dodged            |    42 |    63 |    62 |    86 ||   253
Block: Buckler           |    14 |    35 |    42 |    55 ||   146
